Map: [ESL] Moondance

Players

Lambo - Winner!

  • Race: Zerg Zerg
  • Spawn Location: 12:00

Ryung

  • Race: Terran Terran
  • Spawn Location: 6:00

Event: TSL 9

VOD

Have the link to the VOD?

Description

Time

  • Played on: July 30, 2022, 9:03 a.m.
  • Length: 15:42

All games in this series

Show
View Real Time Build Order
Export as new Build Order

Lambo Zerg - Winner!

Build Orders: Pool First 

Get SALT Encoding   

  12  0:00  Drone  
  13  0:13  Overlord  
  13  0:17  Drone  
  14  0:32  Drone x2  
  14  0:35  Drone  
  17  0:44  Spawning Pool  
  17  0:48  Drone  
  17  1:07  Hatchery  
  17  1:10  Drone  
  17  1:14  Drone  
  17  1:17  Extractor  
  17  1:30  Zergling x4  
  17  1:32  Queen  
  21  1:40  Overlord  
  22  1:54  Drone  
  22  2:01  Drone  
  23  2:08  Queen  
  23  2:12  Drone  
  26  2:20  Drone, Hatchery  
  26  2:22  Drone  
  27  2:33  Drone x2  
  29  2:42  Drone x2  
  29  2:43  Drone x2  
  33  2:49  Overlord  
  33  2:53  Metabolic Boost  
  33  2:59  Drone x2  
  35  3:07  Queen  
  37  3:13  Queen  
  37  3:15  Drone x2  
  37  3:18  Drone x2  
  43  3:21  Drone  
  43  3:27  Overlord  
  44  3:28  Overlord  
  44  3:34  Queen  
  44  3:37  Drone  
  44  3:40  Zergling x2  
  48  3:44  Queen  
  48  3:47  Drone x2  
  48  3:48  Drone x2  
  54  3:54  Overlord  
  54  3:56  Drone x2  
  54  3:57  Drone  
  54  3:59  Overlord  
  57  4:05  Zergling x4  
  57  4:07  Overlord  
  57  4:09  Drone  
  60  4:15  Drone x3  
  63  4:19  Queen  
  63  4:20  Zergling x4  
  63  4:21  Zergling x2  
  68  4:24  Queen  
  68  4:26  Drone  
  71  4:33  Drone x4  
  71  4:35  Extractor  
  71  4:36  Lair  
  74  4:44  Spore Crawler x2  
  72  4:45  Spore Crawler  
  72  4:46  Drone x3  
  72  4:51  Drone x4  
  78  4:54  Overlord  
  78  4:56  Drone  
  78  4:57  Overlord  
  79  5:00  Drone x3  
  82  5:07  Baneling Nest  
  81  5:15  Hatchery  
  81  5:16  Drone x4  
  81  5:21  Drone x3  
  87  5:22  Extractor  
  87  5:24  Extractor  
  85  5:30  Zergling x4  
  85  5:31  Zergling x10  
  90  5:40  Queen  
  88  5:43  Queen  
  88  5:44  Zergling x2  
  88  5:46  Queen  
  88  5:48  Zergling x4  
  85  5:58  Drone x5  
  85  6:02  Drone  
  85  6:03  Drone  
  88  6:05  Overlord  
  88  6:07  Centrifugal Hooks  
  88  6:11  Evolution Chamber  
  88  6:12  Evolution Chamber  
  88  6:15  Overseer  
  88  6:16  Queen  
  88  6:17  Evolution Chamber  
  88  6:18  Evolution Chamber  
  85  6:22  Overseer  
  84  6:26  Drone x7  
  91  6:33  Drone x2  
  91  6:38  Drone x2  
  95  6:42  Zerg Ground Armor Level 1, Zerg Melee Weapons Level 1  
  95  6:45  Drone  
  95  6:46  Drone x2  
  99  6:52  Spore Crawler, Hatchery  
  97  6:57  Drone x3  
  100  7:02  Drone x3  
  100  7:03  Hatchery  
  104  7:08  Zergling x4  
  104  7:10  Overlord  
  104  7:11  Overlord  
  104  7:12  Overlord  
  104  7:14  Overlord  
  104  7:15  Overlord  
  104  7:20  Zergling x2, Roach Warren  
  104  7:22  Zerg Missile Weapons Level 1, Overlord  
  103  7:30  Zergling x26  
  103  7:36  Zergling x8  
  118  7:38  Baneling x3  
  118  7:40  Hatchery  
  117  7:45  Zergling x6  
  117  7:49  Drone x3  
  122  7:51  Extractor x2  
  122  7:54  Infestation Pit  
  119  8:02  Drone x6  
  119  8:03  Drone x4  
  129  8:07  Drone x6  
  129  8:08  Queen  
  129  8:10  Spore Crawler  
  136  8:14  Zergling x4  
  136  8:19  Zergling x10  
  142  8:21  Glial Reconstitution  
  142  8:26  Baneling x12  
  142  8:29  Roach x8  
  142  8:32  Overlord  
  158  8:35  Overlord  
  158  8:38  Zerg Melee Weapons Level 2, Zerg Ground Armor Level 2  
  158  8:39  Hive  
  158  8:40  Overlord  
  156  8:49  Drone x6  
  156  8:50  Overlord  
  162  9:01  Roach x12  
  162  9:02  Overlord  
  186  9:03  Ravager x4  
  186  9:05  Zergling x8  
  194  9:17  Baneling x11  
  194  9:18  Zergling x12  
  200  9:25  Spore Crawler, Spine Crawler  
  200  9:26  Pneumatized Carapace  
  198  9:38  Zergling x4  
  200  9:40  Drone x4  
  200  9:41  Drone  
  200  9:45  Spore Crawler  
  197  9:46  Spore Crawler, Drone  
  197  9:49  Zergling x4  
  199  9:52  Drone x5  
  199  9:58  Adrenal Glands  
  199  10:00  Ultralisk Cavern  
  199  10:01  Overlord  
  198  10:11  Zergling x24  
  182  10:17  Zergling x28, Roach, Hatchery  
  182  10:18  Zergling x16  
  174  10:21  Zergling x8  
  174  10:26  Zergling x12  
  174  10:28  Baneling x4  
  178  10:30  Baneling x12  
  178  10:31  Zergling x6  
  180  10:39  Baneling x11  
  180  10:41  Zergling x18  
  187  10:43  Baneling x8  
  187  10:45  Overlord  
  187  10:51  Zergling x20  
  187  10:52  Zergling x2  
  175  10:57  Zergling x2  
  175  10:58  Zergling x12  
  175  11:01  Zergling x2  
  164  11:04  Zergling x2  
  164  11:05  Zergling x8  
  164  11:06  Chitinous Plating  
  167  11:17  Zergling x6  
  167  11:18  Zergling x24  
  179  11:35  Spine Crawler  
  179  11:36  Zergling x6  
  179  11:37  Zergling x18  
  163  11:42  Ultralisk x3  
  163  11:45  Viper  
  174  11:49  Drone x4  
  174  11:52  Zergling x18  
  174  11:53  Extractor  
  181  11:56  Baneling x9  
  181  12:01  Zergling x20  
  191  12:10  Zergling x2  
  191  12:13  Zerg Melee Weapons Level 3  
  190  12:26  Zerg Ground Armor Level 3, Extractor  
  189  12:30  Baneling x2  
  189  12:40  Baneling x7  
  189  12:46  Hatchery  
  189  12:47  Anabolic Synthesis  
  188  12:52  Zergling x6  
  188  12:53  Overlord x2  
  188  12:57  Spore Crawler  
  190  13:00  Baneling x8  
  190  13:01  Zergling x2  
  190  13:02  Overlord  
  190  13:23  Zergling x18  
  199  13:27  Spire  
  169  13:34  Zergling x30  
  169  13:38  Zergling x60  
  188  13:43  Ultralisk  
  188  13:46  Zergling x8  
  197  13:52  Zergling x18  
  183  13:57  Ultralisk x3  
  183  14:02  Zergling x8  
  199  14:04  Baneling x18  
  199  14:14  Baneling  
  199  14:15  Baneling x8  
  199  14:24  Baneling  
  199  14:25  Baneling x8  
  199  14:30  Baneling x4  
  194  14:54  Zergling x24  
  194  14:55  Zergling x2  
  194  14:58  Zergling x44  
  194  14:59  Zergling x14  
  179  15:07  Zergling x12  
Show
View Real Time Build Order
Export as new Build Order

Ryung Terran 

Build Orders: Reaper Expand, Hellion Banshee, Mech 

Get SALT Encoding   

  12  0:00  SCV  
  13  0:12  SCV  
  14  0:16  Supply Depot  
  14  0:24  SCV  
  15  0:38  SCV  
  15  0:40  Barracks  
  16  0:44  Refinery  
  16  0:50  SCV  
  17  1:02  SCV  
  18  1:14  SCV  
  19  1:27  Reaper, Orbital Command  
  20  1:38  Command Center  
  20  1:48  Supply Depot  
  20  1:54  SCV  
  21  1:59  Marine  
  22  2:06  SCV  
  23  2:12  Factory  
  23  2:16  Marine  
  23  2:18  SCV  
  25  2:30  SCV  
  25  2:35  Barracks Reactor  
  26  2:40  Command Center  
  26  2:42  SCV  
  27  2:51  Orbital Command  
  27  2:54  SCV  
  28  3:04  Starport  
  28  3:06  SCV, Refinery  
  29  3:18  SCV  
  29  3:19  SCV  
  31  3:21  Hellion  
  31  3:22  Hellion  
  31  3:23  Barracks Tech Lab  
  35  3:31  SCV x2  
  37  3:43  SCV  
  37  3:44  SCV  
  37  3:45  Hellion x2  
  43  3:50  Viking  
  43  3:52  Orbital Command  
  43  3:55  SCV  
  45  3:56  SCV  
  45  3:57  Cloaking Field  
  46  4:07  SCV  
  46  4:08  SCV, Hellion x2  
  52  4:12  Barracks Tech Lab  
  52  4:18  Supply Depot  
  52  4:20  SCV, Banshee  
  52  4:21  SCV  
  52  4:22  SCV  
  58  4:34  Armory  
  58  4:35  SCV x3  
  61  4:39  Supply Depot, Hellion x2  
  65  4:49  SCV x2, Refinery  
  65  4:50  Refinery, SCV  
  65  4:52  Supply Depot  
  68  4:58  Orbital Command  
  68  5:01  Hellion x2  
  68  5:02  Supply Depot  
  68  5:03  Banshee  
  68  5:05  SCV x2  
  77  5:17  SCV x2  
  79  5:22  Hellion x2  
  79  5:24  SCV  
  79  5:28  Barracks Tech Lab  
  84  5:29  SCV x2  
  86  5:41  Factory  
  86  5:42  SCV x2, Factory  
  86  5:44  Hellion x2  
  86  5:48  Banshee  
  90  5:54  SCV x2  
  78  6:05  Hellion x2, Stimpack, Marine  
  78  6:09  SCV x3  
  78  6:10  Terran Vehicle Weapons Level 1  
  84  6:18  Supply Depot  
  82  6:19  Supply Depot  
  82  6:21  SCV x2  
  82  6:24  Refinery  
  84  6:28  Marine  
  84  6:29  Refinery  
  85  6:33  Hellion x2  
  85  6:34  SCV x3  
  85  6:38  Engineering Bay  
  85  6:39  Engineering Bay, Starport Reactor  
  88  6:46  SCV x3  
  91  6:47  Siege Tank, Marine  
  91  6:48  Siege Tank  
  98  6:57  Command Center, Infernal Pre-Igniter  
  98  6:58  SCV x3  
  101  7:02  Hellion x2  
  101  7:05  Terran Infantry Armor Level 1, Terran Infantry Weapons Level 1  
  105  7:09  Barracks x2  
  105  7:12  Barracks  
  105  7:15  Barracks  
  105  7:16  Supply Depot  
  105  7:17  Marine  
  105  7:22  SCV x3  
  109  7:32  Supply Depot  
  109  7:33  Supply Depot  
  108  7:37  Thor, Medivac  
  116  7:47  Combat Shield, Marine  
  117  7:54  Thor, Medivac  
  117  7:55  Hellion x2  
  117  7:57  Supply Depot  
  117  7:58  Supply Depot  
  129  8:00  Supply Depot  
  129  8:01  Supply Depot, SCV x3  
  129  8:03  Supply Depot  
  132  8:05  Barracks Reactor x2  
  132  8:06  Barracks Reactor x2  
  132  8:07  Terran Vehicle Weapons Level 2  
  132  8:13  SCV x3  
  135  8:22  Siege Tank  
  135  8:23  Hellion x2  
  142  8:37  Siege Tank  
  141  8:43  Barracks  
  141  8:44  Barracks  
  141  8:45  Hellion  
  141  8:46  Hellion  
  141  8:48  SCV x3  
  147  8:51  Marine x6  
  147  8:52  Marine x2  
  147  8:53  Marine  
  147  8:54  Barracks  
  157  8:57  Planetary Fortress  
  157  9:00  SCV  
  157  9:01  Refinery  
  158  9:05  Medivac  
  158  9:06  Terran Infantry Armor Level 2, Medivac, Terran Infantry Weapons Level 2  
  158  9:09  Marine  
  163  9:16  Marine x2  
  163  9:17  Command Center  
  165  9:23  Siege Tank  
  165  9:24  Siege Tank  
  171  9:27  Refinery  
  171  9:32  Barracks Tech Lab x2, Marine x6  
  177  9:44  Hellion x2  
  179  9:49  Barracks Tech Lab  
  179  9:50  Medivac x2  
  179  9:51  Marine x4  
  181  9:56  Supply Depot  
  177  10:01  Command Center  
  177  10:03  Marine x3  
  177  10:04  Sensor Tower  
  178  10:11  Marine x2  
  164  10:15  Marine x2  
  164  10:16  Marine x2  
  164  10:17  Marauder, Marine x2  
  164  10:19  Siege Tank  
  164  10:20  Siege Tank  
  171  10:22  Medivac x2  
  171  10:28  Marine x3  
  175  10:29  Marine  
  175  10:32  SCV x3  
  175  10:35  Marauder x2  
  180  10:44  Marine x3  
  180  10:45  Marine x2  
  180  10:46  Marauder  
  181  10:52  Medivac x2  
  181  10:53  Marine x3  
  181  10:54  Marine  
  181  10:56  Marine x2  
  184  11:02  Marine x4  
  184  11:03  Marine  
  146  11:05  Siege Tank  
  146  11:06  SCV  
  146  11:07  Marine  
  146  11:09  SCV x2  
  150  11:14  Marine x2  
  150  11:15  Marine x2  
  150  11:16  Marine  
  155  11:19  SCV  
  155  11:21  Siege Tank  
  155  11:25  Marine x6  
  161  11:32  Marine x5  
  166  11:33  Marine  
  166  11:38  Orbital Command  
  143  11:42  SCV  
  143  11:43  Marine x5  
  143  11:45  SCV  
  148  11:54  SCV  
  148  11:55  Siege Tank  
  148  11:57  SCV  
  148  11:58  SCV  
  154  12:04  Medivac  
  154  12:06  SCV  
  154  12:08  Medivac  
  157  12:09  SCV  
  157  12:10  SCV  
  159  12:17  Planetary Fortress  
  159  12:23  Orbital Command  
  159  12:25  Sensor Tower  
  159  12:32  Siege Tank x2  
  159  12:35  SCV x3  
  168  12:40  Marine x2  
  168  12:41  Marine x2  
  172  12:47  SCV x3  
  172  12:48  SCV  
  176  12:59  Terran Infantry Weapons Level 3, SCV x2  
  176  13:00  Ghost Academy  
  178  13:06  Siege Tank x2  
  178  13:07  Hellion x2  
  188  13:28  Marine x2  
  180  13:40  Marauder  
  180  13:41  Marauder x3, Marine x2  
  141  13:42  Marine  
  141  13:43  Marine x2  
  141  13:45  Liberator, Siege Tank x2  
  141  13:46  Liberator  
  138  13:54  SCV x3, Marine x2  
  137  13:57  Hellion  
  137  14:01  Ghost x2  
  137  14:02  Marauder x2  
  145  14:04  Marine x3  
  145  14:05  Marine x2  
  150  14:17  Marine x3  
  150  14:19  Siege Tank x2  
  150  14:22  Ghost  
  150  14:23  Hellion  
  163  14:34  Orbital Command  
  165  14:39  Ghost  
  165  14:41  Ghost  
  169  14:51  Siege Tank, Ghost  
  143  15:05  Marine x2  
  143  15:06  Marine  
  94  15:07  Ghost  
  94  15:10  Ghost  
Tags
 
Add a new tag
Caveats
  • Supply blocks, unpowered buildings, or Contaminate may cause inaccurate times.
  • Supply counts are checked every 10 seconds.